 Dungeon Crawl Stone Soup version 0.32-a0-791-gfc315c9ecd (webtiles) character file.

Game seed: 80154047347132939

169 lunkers the Chopper (level 5, -1/61 HPs)
             Began as a Coglin Berserker on Mar 19, 2024.
             Was a Believer of Trog.
             Splashed by a jelly's acid (8 damage)
             ... on level 3 of the Dungeon on Mar 20, 2024.
             The game lasted 00:03:26 (1589 turns).

lunkers the Chopper (Coglin Berserker)              Turns: 1589, Time: 00:03:27

Health: -1/61      AC:  0    Str: 19    XL:     5   Next: 50%
Magic:  5/5        EV: 10    Int:  7    God:    Trog [**....]
Gold:   54         SH:  0    Dex: 13    Spells: 4/4 levels left

rFire   . . .        a - +0 hand axe {Fredrik}
rCold   . . .        o - +0 broad axe {Tae}
rNeg    . . .        e - +0 ring mail
rPois   .            (no helmet)
rElec   .            (no cloak)
rCorr   .            f - +0 pair of gloves
SInv    .            p - +0 pair of boots
Will    .....        (amulet unavailable) Stlth
                     (ring unavailable)
HPRegen 0.30/turn    (ring unavailable)
MPRegen 0.09/turn    (no gizmo)

%: no passive effects
@: berserking, corroded, revving, very quick
A: off-hand wielding, slow wielding, warmup strikes, no jewellery
a: Invent Gizmo, Renounce Religion, Berserk, Trog's Hand


You were on level 3 of the Dungeon.
You worshipped Trog.
Trog was pleased with you.
You visited 1 branch of the dungeon, and saw 3 of its levels.

You collected 54 gold pieces.

Inventory:

Hand Weapons
 a - a +0 hand axe (weapon) {Fredrik}
 i - a +1 dagger of freezing {Numeria}
 o - a +0 broad axe (offhand) {Tae}
Missiles
 g - 2 throwing nets
 q - 5 curare-tipped darts
Armour
 e - a +0 ring mail (worn)
 f - a +0 pair of gloves (worn)
 p - a +0 pair of boots (worn)
Scrolls
 d - a scroll of revelation
 k - 2 scrolls of teleportation
Potions
 b - a potion of mutation {unknown}
 c - a potion of brilliance {unknown}
 h - a potion of might {unknown}
 j - 2 potions of haste


   Skills:
 - Level 3.0 Fighting
 + Level 6.0 Axes
 - Level 1.7 Armour
 - Level 1.7 Dodging


You had 4 spell levels left.
You didn't know any spells.
Your spell library was empty.

Dungeon Overview and Level Annotations

Branches:
Dungeon (3/15)

Altars:


Innate Abilities, Weirdness & Mutations

You can wield a second weapon in your off-hand.
It takes a long time for you to wield or remove held weapons.
Your first few attacks do less damage.
You cannot equip rings or amulets.


Message History

Your Axes skill increases to level 6!
No target in view!
Welcome back, lunkers the Coglin Berserker.
Trog says: Kill them all!
Press ? for a list of commands and other information.
Things that are here:
an adder corpse; a dart slug corpse
Found a club.
An orc comes into view. It is wielding a +0 trident.
An orc is nearby!
A jelly comes into view.
The jelly quivers.
The orc shouts!
The orc hits you from afar with a +0 trident.
The orc hits you but does no damage.
You hit the orc with your +0 hand axe.
The orc is heavily wounded.
You hit the orc with your +0 broad axe.
You kill the orc!
Trog accepts your kill.
You slash the jelly with your +0 broad axe!
The acid corrodes you!
Your graspers burn!
The jelly is heavily wounded.
You hit the jelly but do no damage.
Your graspers burn!
The jelly hits you.
You are splashed with acid!
* * * LOW HITPOINT WARNING * * *
A red film seems to cover your vision as you go berserk!
You feel yourself moving faster!
You feel mighty! The jelly hits you.
* * * LOW HITPOINT WARNING * * *
The acid corrodes you!
You are splashed with acid!
* * * LOW HITPOINT WARNING * * *
You hit the jelly with your +0 hand axe.
Your graspers burn!
* * * LOW HITPOINT WARNING * * *
The jelly is heavily wounded.
You completely miss the jelly with your +0 broad axe.
The jelly hits you.
* * * LOW HITPOINT WARNING * * *
You are splashed with acid!
You die...

#.....# #.....#
#.....# #.....#
##.....####
.........# #)......#
#.@.....# .
#.J.....# )#
.#..#.......# .#
#............# .#
##..####.....##.####
... ###.......... #
#. ##..#.#### .### #
##...#####....
##..##.......


You could see a jelly.

Vanquished Creatures
  An orc priest (D:3)
  4 gnolls (D:3)
  3 adders
  A dart slug (D:3)
  2 ribbon worms (D:2)
  9 orcs (D:3)
  6 endoplasms
  5 goblins
  6 hobgoblins
  4 quokkas
  3 ball pythons
  5 bats
  2 frilled lizards
  3 kobolds
  5 rats (D:2)
59 creatures vanquished.

Notes
Turn   | Place    | Note
-------+----------+-------------------------------------------
     0 | D:1      | lunkers the Coglin Berserker began the quest for the Orb.
     0 | D:1      | Reached XP level 1. HP: 18/18 MP: 1/1
   334 | D:1      | Reached XP level 2. HP: 24/24 MP: 2/2
   592 | D:2      | Reached skill level 4 in Axes
   702 | D:2      | Reached XP level 3. HP: 29/29 MP: 3/3
   733 | D:2      | Reached ** piety under Trog
  1325 | D:3      | Reached XP level 4. HP: 32/35 MP: 4/4
  1367 | D:3      | Reached skill level 5 in Axes
  1376 | D:3      | Reached XP level 5. HP: 29/41 MP: 5/5
  1565 | D:3      | Reached skill level 6 in Axes
  1565 | D:3      | Upgraded the game from 0.32-a0-779-g362cfcae2a to
                  | 0.32-a0-791-gfc315c9ecd
  1589 | D:3      | Splashed by a jelly's acid

Illustrated notes

Levels and vault maps discovered:
D:1:      amcnicky_arrival_double_pillar, layout_basic
D:2:      layout_loops_ring, nicolae_elevator_lobby_asterisk
D:3:      layout_loops_cross, gammafunk_temple_overflow_claw

Skill      XL: |  1  2  3  4  5 |
---------------+----------------+-----
Axes           | 4 5 6 |  6.0
Fighting       | |  3.0
Armour         | |  1.7
Dodging        | |  1.7

Action                     |  1- 3 |  4- 6 || total
---------------------------+-------+-------++-------
  Melee: Hand axe          |    46 |    33 ||    79
         Dagger            |    25 |       ||    25
         Broad axe         |    18 |    32 ||    50
 Invoke: Berserk           |       |     1 ||     1
    Use: Scroll            |     5 |       ||     5
 Armour: Ring mail         |    36 |    21 ||    57
  Dodge: Dodged            |    13 |    14 ||    27

Table legend: (Time is in decaauts)
 A = Elapsed time spent in this place.
 B = Non-inter-level travel time spent in this place.
 C = Inter-level travel time spent in this place.
 D = Time resting spent in this place.
 E = Time spent auto-exploring this place.
 F = Levels seen in this place.
 G = Mean time per level.
                   A        B        C        D        E       F      G
               +--------+--------+--------+--------+--------+-----+--------+
         Total |   1602 |   1487 |    115 |     27 |   1148 |   3 |  534.0 |
       Dungeon |   1602 |   1487 |    115 |     27 |   1148 |   3 |  534.0 |
               +--------+--------+--------+--------+--------+-----+--------+

Top non-repeatable levels by time:
     D:2: 806 daAuts
     D:1: 507 daAuts
     D:3: 289 daAuts
